Map: Heavy Artillery LE

Players

Massa - Winner!

  • Race: Terran Terran
  • League: Platinum
  • Spawn Location: 7:00

qqq - Winner!

  • Race: Zerg Zerg
  • Spawn Location: 7:00

JagerFlash

  • Race: Protoss Protoss
  • League: Platinum
  • Spawn Location: 1:00

IIIIIIIIIIII

  • Race: Terran Terran
  • League: Diamond
  • Spawn Location: 3:00

VOD

Have the link to the VOD?

Description

Time

  • Played on: Nov. 17, 2020, 3:55 p.m.
  • Length: 17:30
Show
View Real Time Build Order
Export as new Build Order

Massa Terran - Winner!

Build Orders:  

Get SALT Encoding   

  12  0:00  SCV  
  13  0:12  SCV  
  14  0:23  Supply Depot  
  14  0:24  SCV  
  15  0:45  SCV  
  15  0:46  Barracks  
  16  0:53  Refinery  
  16  0:57  SCV  
  17  1:09  SCV  
  18  1:21  SCV  
  19  1:33  SCV  
  19  1:37  Reaper  
  21  1:46  Orbital Command  
  21  1:47  Command Center  
  21  2:11  Supply Depot  
  21  2:12  Marine  
  22  2:19  Factory  
  22  2:24  SCV  
  23  2:31  Barracks Reactor  
  23  2:36  SCV  
  24  2:51  Command Center  
  24  3:07  Supply Depot  
  24  3:11  SCV, Factory Tech Lab  
  24  3:12  Orbital Command  
  25  3:17  Supply Depot  
  25  3:21  Starport  
  25  3:23  SCV  
  25  3:24  Marine x2  
  28  3:33  Refinery  
  28  3:38  SCV x2  
  30  3:42  Marine x2  
  32  3:50  SCV x2  
  34  4:02  SCV x2, Marine  
  35  4:03  Marine  
  35  4:04  Siege Tank  
  41  4:11  Orbital Command  
  41  4:13  Bunker  
  41  4:14  SCV  
  41  4:15  SCV  
  43  4:26  SCV  
  43  4:27  SCV  
  43  4:31  Engineering Bay  
  45  4:32  Medivac  
  45  4:36  Widow Mine  
  49  4:39  SCV x2  
  51  4:49  Barracks  
  51  4:52  Refinery, Supply Depot  
  51  4:53  Refinery  
  51  4:55  Barracks  
  51  4:56  Barracks  
  51  5:00  Barracks  
  51  5:21  SCV x3  
  54  5:29  Missile Turret  
  54  5:33  SCV x2, Missile Turret  
  54  5:34  Starport Reactor, Terran Infantry Weapons Level 1  
  56  5:37  Missile Turret  
  56  5:41  Barracks Tech Lab  
  56  5:45  Barracks Tech Lab  
  56  5:48  Barracks Reactor  
  56  5:49  Barracks Tech Lab  
  56  6:09  Marauder x3, Marine x2  
  61  6:18  Stimpack  
  61  6:19  Concussive Shells  
  61  6:26  SCV x3  
  61  6:27  Marine x2  
  61  6:30  Marauder x3  
  72  6:38  SCV x3  
  75  6:43  Siege Tank  
  75  6:45  Marine x2  
  79  6:50  SCV x3  
  82  7:03  Marauder, Marine  
  85  7:09  Supply Depot x2  
  85  7:10  Supply Depot  
  85  7:11  Supply Depot  
  85  7:12  Supply Depot  
  85  7:13  Supply Depot x2  
  85  7:15  Supply Depot  
  85  7:30  Marine x4, Medivac x2  
  85  7:31  Marauder x3  
  85  7:36  Sensor Tower  
  99  7:47  Siege Tank  
  99  7:48  Marine x4  
  104  7:52  Marauder x3  
  105  8:06  Marine x2  
  101  8:14  Marauder x3  
  101  8:19  Siege Tank  
  110  8:24  Marine x2  
  84  8:31  SCV x3  
  86  8:35  Marauder x2  
  86  8:41  Marine x2, Command Center  
  89  8:43  SCV x3  
  87  8:51  Viking  
  87  8:52  Viking  
  88  8:56  Marauder x2, Command Center  
  88  8:58  Supply Depot  
  88  8:59  Marine x2, Supply Depot  
  88  9:02  Supply Depot  
  94  9:18  Marauder x2  
  94  9:21  Viking  
  94  9:23  Supply Depot  
  100  9:27  Marine x2  
  102  9:35  Barracks  
  102  9:38  Barracks  
  102  9:39  Marauder x2  
  102  9:40  Sensor Tower  
  102  9:41  SCV x3  
  102  9:45  Marine  
  109  9:49  Refinery  
  109  9:50  Refinery  
  110  9:53  SCV x3  
  110  9:58  Viking x2  
  117  10:00  Marauder x2  
  117  10:05  SCV  
  120  10:22  Marauder x2, Marine  
  120  10:23  Marine  
  121  10:30  Barracks Reactor, Barracks Tech Lab  
  121  10:31  Combat Shield  
  121  10:38  Orbital Command  
  121  10:40  Marine x2  
  121  10:41  Orbital Command  
  123  10:43  SCV x2  
  123  10:44  SCV, Marauder x2  
  130  10:51  Siege Tank  
  133  10:58  Marine  
  134  11:05  Marauder x2  
  138  11:20  Medivac  
  138  11:24  Factory, Siege Tank  
  143  11:26  Marauder x2  
  147  12:01  Command Center  
  151  12:37  Marauder x2, Marine x2  
  151  12:38  Marine x3  
  155  12:47  SCV  
  155  12:48  SCV x4  
  160  12:53  Factory Tech Lab, Siege Tank  
  160  12:58  Marauder x2  
  165  12:59  SCV  
  165  13:00  SCV x4  
  165  13:05  Barracks Tech Lab  
  166  13:12  SCV x5  
  171  13:19  Marauder  
  175  13:20  Marauder  
  175  13:25  Siege Tank x2  
  181  13:28  Marine x5  
  181  13:32  Terran Infantry Armor Level 1  
  186  13:35  Engineering Bay  
  186  13:41  Armory, Marauder x2  
  190  13:44  Medivac x2  
  190  13:46  Marine x5  
  199  14:03  Marine  
  199  14:06  Planetary Fortress  
  200  14:31  Refinery  
  200  14:33  Refinery, Terran Infantry Weapons Level 2  
  200  14:36  Terran Vehicle Weapons Level 1  
  200  14:39  Armory  
  191  15:12  Starport  
  189  15:16  Starport  
  184  16:47  Marauder  
Show
View Real Time Build Order
Export as new Build Order

qqq Zerg - Winner!

Build Orders: Hatch First, Brood Lord Corruptor, Lurkers 

Get SALT Encoding   

  12  0:01  Drone  
  13  0:08  Drone  
  14  0:48  Hatchery  
  13  0:52  Overlord  
  13  0:53  Drone  
  14  1:10  Drone x2  
  16  1:14  Spawning Pool  
  15  1:21  Drone  
  16  1:33  Drone  
  17  1:56  Hatchery  
  17  2:01  Drone  
  17  2:02  Drone x2  
  17  2:04  Extractor, Drone  
  19  2:12  Queen  
  21  2:15  Drone  
  21  2:22  Drone  
  23  2:24  Drone  
  23  2:29  Drone  
  25  2:33  Drone  
  25  2:35  Drone  
  27  2:44  Overlord  
  27  2:48  Drone  
  28  3:03  Zergling x2  
  29  3:05  Extractor  
  29  3:06  Drone  
  29  3:10  Overlord  
  29  3:14  Drone  
  29  3:17  Metabolic Boost  
  29  3:18  Hatchery  
  29  3:21  Drone  
  29  3:23  Drone  
  29  3:25  Drone  
  32  3:36  Drone x4  
  32  3:37  Extractor  
  32  3:38  Drone  
  32  3:40  Drone  
  37  3:47  Queen  
  39  3:53  Lair  
  39  3:57  Drone x2  
  39  3:58  Drone  
  39  4:00  Drone  
  43  4:06  Drone  
  44  4:12  Zergling x8  
  44  4:13  Zergling x2  
  44  4:14  Drone  
  50  4:17  Overlord  
  50  4:19  Overlord  
  50  4:24  Pneumatized Carapace  
  50  4:32  Queen  
  50  4:35  Queen  
  50  4:37  Drone x3  
  57  4:47  Evolution Chamber  
  57  4:48  Drone x5  
  57  4:50  Overlord  
  57  4:51  Drone  
  62  4:55  Overseer  
  62  4:57  Drone  
  62  4:58  Drone x3  
  66  5:01  Overlord  
  66  5:11  Hydralisk Den  
  65  5:18  Drone x2  
  65  5:19  Drone x5  
  72  5:34  Drone x3, Infestation Pit  
  74  5:36  Hydralisk Den  
  74  5:42  Extractor  
  72  5:43  Extractor  
  71  5:58  Zerg Melee Weapons Level 1  
  71  5:59  Zergling x2  
  71  6:00  Zergling x2  
  73  6:14  Zergling x6  
  73  6:15  Hydralisk x4  
  84  6:31  Spine Crawler  
  83  6:35  Hive  
  83  6:38  Extractor  
  82  6:40  Extractor  
  80  6:54  Overlord x5  
  80  7:01  Spire  
  80  7:02  Overlord  
  79  7:08  Evolution Chamber  
  79  7:10  Lurker Den  
  79  7:11  Drone x2  
  79  7:12  Drone x3  
  79  7:13  Drone x8  
  79  7:14  Drone x3, Overlord  
  93  7:24  Spore Crawler  
  87  7:50  Hydralisk x5  
  86  7:51  Viper  
  86  7:53  Drone x4  
  86  7:54  Zergling x12  
  99  8:05  Spine Crawler, Hydralisk x2  
  96  8:06  Spine Crawler x2, Hydralisk x2  
  96  8:07  Hydralisk  
  96  8:08  Zergling x6  
  96  8:09  Zergling x8  
  96  8:12  Extractor x2  
  108  8:24  Drone  
  109  8:29  Hatchery x2  
  106  8:36  Lurker x3  
  109  8:46  Drone x6, Ultralisk Cavern  
  109  8:47  Drone x2  
  93  9:14  Seismic Spines  
  93  9:15  Viper  
  91  9:20  Zergling x12  
  91  9:21  Drone x3  
  100  9:37  Spine Crawler x2  
  98  9:40  Drone  
  98  9:44  Hydralisk, Ultralisk  
  98  9:45  Hydralisk  
  109  9:46  Mutalisk x2  
  109  9:48  Zergling x10  
  109  9:49  Zergling x2  
  109  9:50  Zerg Melee Weapons Level 2  
  119  10:11  Adaptive Talons  
  119  10:30  Drone x2  
  119  10:31  Drone x7  
  119  10:33  Ultralisk x2  
  119  10:35  Anabolic Synthesis  
  140  10:37  Zerg Ground Armor Level 1  
  140  10:38  Hydralisk x3  
  140  10:39  Zergling x2  
  140  10:40  Overlord x5  
  140  10:41  Overlord  
  140  10:42  Muscular Augments  
  147  10:58  Lurker  
  147  10:59  Drone x2  
  147  11:00  Drone x4  
  154  11:17  Extractor, Spine Crawler, Chitinous Plating  
  152  11:18  Spine Crawler  
  152  11:19  Extractor x2  
  152  11:21  Ultralisk x3  
  152  11:22  Zergling x10  
  152  11:23  Zergling x2  
  173  11:30  Ultralisk  
  179  11:33  Mutalisk x2  
  172  11:55  Drone x5  
  148  12:12  Ultralisk x3  
  148  12:13  Zergling x8  
  148  12:14  Corruptor x2  
  166  12:20  Greater Spire  
  166  12:23  Ultralisk  
  172  12:30  Overseer x3  
  172  12:32  Drone x4  
  172  12:33  Drone x2, Overlord x2  
  160  13:06  Corruptor  
  160  13:07  Corruptor x7  
  160  13:09  Drone x5  
  181  13:19  Zerg Melee Weapons Level 3  
  179  13:21  Corruptor  
  157  13:29  Corruptor x2  
  143  13:41  Extractor  
  142  13:57  Brood Lord x5  
  142  14:02  Zergling x6  
  155  14:03  Zergling x12  
  158  14:38  Corruptor x4  
  155  14:39  Corruptor x2  
  155  14:43  Brood Lord x3  
  173  15:14  Spine Crawler x2  
  171  15:22  Spine Crawler  
  171  15:24  Spine Crawler, Spore Crawler  
  162  15:32  Brood Lord x5  
  162  15:33  Brood Lord  
  166  16:02  Corruptor x4  
  166  16:03  Corruptor x5  
  172  16:24  Brood Lord x4  
  172  16:25  Corruptor x6  
  184  16:27  Zergling x2  
  184  16:28  Zergling x12  
Show
View Real Time Build Order
Export as new Build Order

JagerFlash Protoss 

Build Orders: Colossus Rush 

Get SALT Encoding   

  12  0:00  Probe  
  13  0:12  Probe  
  14  0:19  Pylon  
  14  0:24  Probe  
  15  0:37  Gateway  
  16  0:42  Probe  
  16  0:46  Assimilator  
  16  0:55  Probe  
  17  1:07  Probe (Chrono Boost)  
  18  1:19  Probe (Chrono Boost)  
  19  1:35  Probe  
  20  1:47  Nexus  
  20  2:04  Probe (Chrono Boost), Cybernetics Core  
  21  2:08  Assimilator  
  21  2:12  Pylon  
  22  2:16  Probe (Chrono Boost)  
  22  2:28  Gateway  
  22  2:29  Probe  
  23  2:41  Probe  
  23  2:43  Stalker (Chrono Boost)  
  24  2:47  Warp Gate  
  26  3:03  Probe (Chrono Boost)  
  26  3:04  Probe (Chrono Boost)  
  28  3:10  Robotics Facility  
  30  3:12  Probe (Chrono Boost)  
  30  3:14  Pylon  
  30  3:15  Probe (Chrono Boost)  
  30  3:17  Probe (Chrono Boost)  
  31  3:24  Probe  
  32  3:27  Stalker x2  
  32  3:30  Probe  
  37  3:35  Gateway  
  37  3:36  Probe  
  38  3:42  Probe, Forge  
  39  3:48  Probe  
  39  3:53  Assimilator  
  40  4:01  Probe x2  
  42  4:07  Robotics Bay  
  42  4:10  Sentry  
  42  4:12  Pylon  
  42  4:13  Probe x2  
  42  4:17  Observer  
  47  4:25  Probe  
  47  4:26  Stalker (Chrono Boost)  
  50  4:32  Probe  
  51  4:46  Probe  
  51  4:47  Probe  
  53  4:56  Protoss Ground Armor Level 1 (Chrono Boost)  
  53  4:58  Probe  
  54  5:00  Colossus (Chrono Boost)  
  60  5:17  Assimilator  
  60  5:19  Probe  
  61  5:35  Pylon  
  61  5:37  Pylon  
  61  5:38  Pylon, Extended Thermal Lance (Chrono Boost)  
  61  5:42  Gateway  
  61  5:44  Gateway  
  61  5:47  Gateway  
  60  6:17  Stalker x3  
  66  6:20  Colossus (Chrono Boost)  
  62  6:57  Probe x2  
  64  7:03  Colossus (Chrono Boost)  
  64  7:07  Pylon  
  70  7:23  Pylon  
  70  7:27  Pylon  
  70  7:32  Gateway  
  70  7:35  Pylon  
  70  7:50  Disruptor  
  67  8:24  Stalker  
  67  8:25  Stalker x4  
  67  8:26  Colossus  
  65  9:13  Stalker  
  65  9:14  Stalker x5  
  77  9:19  Disruptor  
  80  9:39  Probe x2  
  82  9:51  Probe  
  80  10:23  Observer (Chrono Boost)  
  81  10:32  Twilight Council  
  81  10:36  Pylon  
  81  10:40  Pylon  
  81  10:55  Stalker x4  
  81  10:56  Stalker x2  
  93  11:07  Disruptor  
  93  11:10  Charge  
  96  11:16  Gateway  
  96  11:20  Gateway x2  
  96  11:21  Protoss Ground Armor Level 2 (Chrono Boost)  
  96  11:24  Gateway, Pylon  
  95  11:26  Gateway, Pylon  
  94  11:33  Gateway  
  94  11:34  Gateway  
  94  11:35  Gateway  
  94  11:37  Stalker x2  
  94  11:38  Stalker x4  
  102  12:12  Pylon  
  102  12:23  Stalker x5  
  102  12:24  Stalker x2  
  116  12:37  Zealot x7  
  128  12:54  Blink  
  126  13:04  Immortal (Chrono Boost)  
  113  13:36  Immortal  
  113  13:38  Zealot x4  
  113  13:39  Zealot x7  
  113  13:40  Zealot x3  
  145  14:02  Protoss Ground Armor Level 3 (Chrono Boost)  
  145  14:05  Dark Shrine  
  145  14:13  Pylon  
  145  14:16  Immortal  
  149  14:20  Nexus  
  149  14:21  Pylon  
  144  15:15  Warp Prism  
  134  15:40  Probe x3  
  131  15:52  Probe  
  99  16:37  Stargate  
  99  16:38  Stargate  
  99  16:40  Assimilator  
  99  16:43  Stargate  
  99  16:44  Assimilator  
  89  17:01  Nexus  
  89  17:02  Pylon  
  89  17:04  Assimilator  
  69  17:08  Assimilator  
Show
View Real Time Build Order
Export as new Build Order

IIIIIIIIIIII Terran 

Build Orders: 2 Factory, Reaper Expand, Mech 

Get SALT Encoding   

  12  0:00  SCV  
  13  0:12  SCV  
  14  0:23  Supply Depot  
  14  0:24  SCV  
  15  0:45  Refinery, SCV  
  15  0:46  Barracks  
  16  0:57  SCV  
  17  1:09  SCV  
  18  1:21  SCV  
  19  1:32  Reaper  
  19  1:33  Orbital Command  
  20  1:44  Command Center  
  20  1:55  Supply Depot  
  20  1:59  SCV  
  21  2:07  Marine  
  22  2:11  SCV  
  22  2:15  Factory  
  23  2:23  SCV  
  24  2:31  Refinery  
  25  2:37  SCV  
  25  2:39  Barracks Reactor  
  25  2:49  SCV  
  26  3:03  SCV  
  26  3:04  Orbital Command  
  27  3:15  SCV, Engineering Bay  
  27  3:16  Factory  
  28  3:26  Refinery  
  28  3:27  SCV  
  28  3:31  Hellion x2  
  28  3:32  SCV  
  34  3:39  SCV, Barracks Tech Lab  
  35  3:44  SCV  
  35  3:48  Refinery  
  36  3:51  SCV  
  36  3:59  Command Center  
  36  4:01  Hellion x2  
  36  4:02  SCV  
  41  4:13  Factory Tech Lab  
  41  4:17  Factory  
  41  4:20  SCV x2  
  45  4:24  Widow Mine  
  45  4:32  SCV  
  46  4:39  Widow Mine, SCV, Siege Tank  
  46  4:41  Supply Depot  
  46  4:43  Supply Depot  
  52  4:45  Factory  
  52  4:51  Widow Mine  
  54  5:11  Siege Tank  
  54  5:13  Factory Tech Lab  
  57  5:16  SCV x2  
  57  5:19  Supply Depot  
  57  5:21  Supply Depot  
  60  5:26  Armory  
  60  5:27  Orbital Command  
  59  5:28  SCV  
  59  5:35  Widow Mine x2  
  62  6:00  Hellion, Siege Tank x2  
  69  6:11  Siege Tank  
  70  6:12  SCV x3  
  70  6:16  Widow Mine  
  75  6:22  Widow Mine  
  71  6:42  Siege Tank  
  71  6:43  Siege Tank  
  71  6:46  Widow Mine  
  71  6:47  Widow Mine  
  77  6:51  SCV x2  
  77  6:52  SCV  
  78  7:03  SCV  
  78  7:04  SCV x2  
  81  7:08  Factory  
  81  7:09  Factory  
  79  7:15  SCV  
  79  7:16  SCV x2  
  79  7:20  Missile Turret  
  82  7:23  Widow Mine  
  82  7:24  Widow Mine x4  
  82  7:28  SCV x3  
  95  7:40  SCV x3  
  98  7:48  Siege Tank x2  
  99  7:52  SCV x2  
  101  8:10  Siege Tank  
  100  8:14  Factory Tech Lab x2  
  100  8:16  Widow Mine x2  
  100  8:25  Widow Mine, Supply Depot x3, Siege Tank  
  94  8:37  Siege Tank x2  
  94  8:38  SCV  
  101  8:42  Refinery  
  101  8:46  SCV x2  
  103  8:50  Refinery, SCV  
  102  8:58  SCV x2  
  93  9:15  SCV  
  93  9:16  SCV x2  
  96  9:24  Siege Tank x2  
  96  9:25  Widow Mine x4  
  96  9:28  SCV  
  96  9:30  Armory  
  108  9:34  Command Center  
  108  9:40  Widow Mine  
  108  9:41  Command Center  
  110  9:46  Widow Mine x2  
  110  9:47  Widow Mine  
  116  9:57  Widow Mine x3  
  116  9:58  SCV x3  
  125  10:00  Refinery  
  125  10:04  Refinery  
  125  10:07  Missile Turret x2  
  125  10:10  Missile Turret  
  125  10:11  Missile Turret  
  125  10:13  Supply Depot x2  
  125  10:20  Widow Mine  
  122  10:35  Siege Tank x4  
  131  10:39  Terran Vehicle Weapons Level 1  
  131  10:41  Armory, Siege Tank  
  125  10:48  Widow Mine x2  
  129  10:56  Factory  
  129  10:59  Factory  
  129  11:07  Widow Mine, Siege Tank  
  129  11:08  Widow Mine  
  129  11:09  SCV  
  129  11:10  SCV x2  
  139  11:15  Planetary Fortress  
  139  11:20  SCV  
  139  11:21  Refinery  
  139  11:22  SCV  
  141  11:39  Starport  
  139  11:41  Starport  
  139  11:42  Starport  
  139  11:44  Widow Mine x7  
  135  11:56  Siege Tank x2  
  141  12:05  Siege Tank x2  
  141  12:06  Siege Tank  
  147  12:14  Factory Tech Lab x2  
  141  12:28  Siege Tank x2  
  146  12:37  Siege Tank  
  146  12:38  Siege Tank x2  
  151  12:47  SCV  
  151  12:48  SCV x2  
  153  13:00  Siege Tank  
  148  13:09  Siege Tank x2  
  148  13:10  Siege Tank x4  
  160  13:22  Fusion Core  
  158  13:34  Starport Tech Lab  
  158  13:35  SCV x3  
  161  13:43  Starport Tech Lab  
  161  13:45  Starport Tech Lab  
  161  13:52  SCV x4, Missile Turret  
  161  13:54  Missile Turret x2  
  165  13:56  Planetary Fortress, Missile Turret  
  165  14:04  SCV x3  
  168  14:18  SCV  
  168  14:19  SCV x3  
  168  14:37  Terran Vehicle Weapons Level 2  
  168  14:38  Terran Vehicle And Ship Armor Level 1  
  168  14:50  Thor  
  170  15:03  Refinery  
  170  15:07  Refinery  
  170  15:20  Siege Tank  
  170  15:22  Thor, Siege Tank  
  170  15:27  Thor  
  170  15:34  SCV  
  169  15:42  SCV  
  169  15:43  SCV, Thor  
  169  15:47  Battlecruiser  
  169  15:48  Battlecruiser  
  170  15:51  Starport  
  170  15:52  Starport  
  170  15:53  Starport  
  166  15:59  Battlecruiser  
  167  16:12  Thor  
  166  16:22  Thor  
  166  16:24  Thor  
  167  16:25  Thor  
  167  16:31  Thor  
  164  16:37  Thor x3  
  161  16:47  Starport Tech Lab x3  
  161  16:51  Command Center  
  155  17:05  Refinery  
  155  17:07  Refinery  
  131  17:09  Command Center  
Tags
 
Add a new tag
Caveats
  • Supply blocks, unpowered buildings, or Contaminate may cause inaccurate times.
  • Supply counts are checked every 10 seconds.